 Dungeon Crawl Stone Soup version 0.31-a0-233-g139696dc86 (webtiles) character file.

Game seed: 14931021342193724968

1247 Morbidden the Ruffian (level 8, -2/66 (72) HPs)
             Began as a Troll Transmuter on July 9, 2023.
             Was an Initiate of Cheibriados.
             Slain by a wight
             ... wielding a +0 scimitar
              (8 damage)
             ... on level 6 of the Dungeon.
             The game lasted 00:04:55 (3549 turns).

Morbidden the Ruffian (Troll Transmuter)            Turns: 3549, Time: 00:04:55

HP:   -2/66 (72)    AC:  4    Str: 20    XL:     8   Next: 25%
MP:   7/10          EV: 10    Int: 12    God:    Cheibriados [......]
Gold: 214           SH:  0    Dex: 11    Spells: 5/11 levels left

rFire   . .          .
                       - Unarmed
rCold   . . .        (no shield)
rNeg    . . .        a - +0 robe
rPois   +            (helmet currently unavailable)
rElec   .            (no cloak)
rCorr   .            (gloves unavailable)
SInv    .            (boots unavailable)
Will    .....        (no amulet)
Stlth   +            v - ring of poison resistance
HPRegen 1.11/turn    (no ring)
MPRegen 0.12/turn

%: no passive effects
@: appendages, wereblooded, drained, very slow
A: horns 2, talons 2, large, unfitting armour, claws 3, regeneration 1, shaggy
fur 1, tough skin 1
a: End Transformation, Renounce Religion


You were on level 6 of the Dungeon.
You worshipped Cheibriados.
Cheibriados was noncommittal.
You had temporarily grown beastly horns and talons.
You visited 2 branches of the dungeon, and saw 7 of its levels.

You collected 329 gold pieces.
You spent 115 gold pieces at shops.

Inventory:

Missiles
 b - a throwing net
 e - 22 stones (quivered)
 s - 10 poisoned darts
 w - 2 javelins
 x - 5 boomerangs
Armour
 a - a +0 robe (worn)
Jewellery
 v - a ring of poison resistance (left claw)
Wands
 A - a wand of acid (9)
Scrolls
 c - 2 scrolls of fog {unknown}
 d - 6 scrolls of identify {unknown}
 m - 2 scrolls of brand weapon {unknown}
 n - a scroll of vulnerability {unknown}
 p - a scroll of enchant weapon {unknown}
 q - 2 scrolls of revelation {unknown}
 t - a scroll of teleportation {unknown}
 y - a scroll of enchant armour {unknown}
Potions
 f - 2 potions of haste {unknown}
 g - a potion of cancellation {unknown}
 h - 2 potions of attraction {unknown}
 i - a potion of resistance {unknown}
 j - a potion of degeneration {unknown}
 k - 4 potions of curing {unknown}
 l - a potion of berserk rage {unknown}
 o - a potion of brilliance {unknown}
 r - 2 potions of heal wounds {unknown}
 u - a potion of mutation {unknown}
 z - a potion of enlightenment {unknown}


   Skills:
 * Level 2.2 Fighting
 * Level 1.9 Throwing
 * Level 1.8 Armour
 * Level 3.0 Dodging
 + Level 0.5 Stealth
 * Level 6.5 Unarmed Combat
 * Level 2.0 Spellcasting
 * Level 1.3 Conjurations
 * Level 2.4 Transmutations
 * Level 2.9 Earth Magic
 * Level 0.5 Invocations


You had 5 spell levels left.
You knew the following spells:

 Your Spells              Type           Power      Damage    Failure   Level
a - Beastly Appendage     Tmut           14%        N/A       10%         1
b - Wereblood             Tmut           7%         N/A       16%         2
z - Stone Arrow           Conj/Erth      12%        3d7       34%         3

Your spell library contained the following spells:

 Spells                   Type           Power      Damage    Failure   Level
 Sandblast                Erth           16%        2d6       9%          1
 Passwall                 Tmut/Erth      5%         N/A       14%         2
 Foxfire                  Conj/Fire      8%         2x1d4     22%         1
 Spider Form              Tmut/Pois      4%         N/A       45%         3
 Ice Form                 Ice/Tmut       4%         N/A       86%         4
 Fireball                 Conj/Fire      1%         3d3       99%         5
 Plasma Beam              Fire/Air       0%         2x1d10    100%        6
 Starburst                Conj/Fire      1%         6d3       100%        6


Dungeon Overview and Level Annotations

Branches:
Dungeon (6/15)             Temple (1/1) D:5

Altars:
Ashenzari
Cheibriados
Dithmenos
Fedhas
Gozag
Hepliaklqana
Kikubaaqudgha
Makhleb
Nemelex Xobeh
Okawaru
Ru
Sif Muna
Trog
Uskayaw
Wu Jian
Zin
The Shining One

Shops:
D:3 *


Innate Abilities, Weirdness & Mutations

You have temporarily grown beastly horns and talons.
You are too large for most types of armour.
You have claws for hands.
Your natural rate of healing is unusually fast.
You are covered in fur. (AC +1)
You have tough skin. (AC +1)


Message History

You swing at nothing.
Things that are here:
a +6 battleaxe of freezing; a +0 robe You start waiting.
Your horns disappear.
Your talons disappear.
Done waiting.
You now have 214 gold pieces (gained 17).
A wight comes into view. It is wielding a +4 falchion.
The wight moves out of view.
A wight is nearby!
Casting: Beastly Appendage (safe; 10% risk of failure)
Confirm with . or Enter, or press ? or * to list all spells.
You miscast Beastly Appendage.
You are very lightly contaminated with residual magic.
Nothing appears to happen. 2 wights come into view.
The wight hits you with a +4 falchion!
You feel drained.
You barely miss the wight. You claw the wight!
The wight is moderately damaged.
The wight hits you with a +4 falchion!
You feel drained.
Unknown command.
Casting: Beastly Appendage (safe; 10% risk of failure)
Confirm with . or Enter, or press ? or * to list all spells.
Your blood is infused with primal strength.
The wight hits you with a +4 falchion! The wight hits you with a +4 falchion!
You feel drained.
Unknown command.
Casting: Wereblood (safe; 16% risk of failure)
Confirm with . or Enter, or press ? or * to list all spells.
You grow a pair of large bovine horns.
Your feet morph into talons.
The wight hits you from afar with a +5 spear.
The wight hits you with a +4 falchion!
Your magical contamination has completely faded away.
The wight hits you from afar with a +5 spear!
* * * LOW HITPOINT WARNING * * *
You feel drained.
* * * LOW HITPOINT WARNING * * *
The wight hits you with a +0 scimitar!
You die...

. ##......# ........
......# #.....#
##.....# #.
##....z.## #.
#....zz..## .. ##
#...##@[.#.... #.
#......# # ..#
###.##.##### ..#.. #
#....#.#...#...#...#
###.#.#)....# ### #.
#.####...###. .###
###.#.###.#. .#.
##.#...#...# #..
##..#...#...#####..


You could see 3 wights.

Vanquished Creatures
  Grinder (D:3)
  Sigmund (D:3)
  An ogre (D:5)
  A phantom (D:5)
  A wight (D:6)
  3 killer bees (D:5)
  A hound (D:5)
  Jessica (D:3)
  5 iguanas
  A sleepcap (D:5)
  3 orc wizards
  A mummy (D:6)
  Robin (D:3)
  6 gnolls (D:5)
  8 adders
  2 worms
  2 dart slugs (D:2)
  12 orcs
  6 bats
  5 endoplasms
  3 giant cockroaches
  14 goblins
  11 hobgoblins
  2 quokkas
  10 ball pythons
  4 frilled lizards
  A hobgoblin zombie (D:6)
  10 kobolds
  A kobold zombie (D:6)
  2 orc zombies (D:6)
  7 rats
127 creatures vanquished.

Notes
Turn   | Place    | Note
-------+----------+-------------------------------------------
     0 | D:1      | Morbidden the Troll Transmuter began the quest for the Orb.
     0 | D:1      | Reached XP level 1. HP: 18/18 MP: 1/1
    39 | D:1      | Reached skill level 1 in Fighting
    53 | D:1      | Reached XP level 2. HP: 27/27 MP: 2/2
   504 | D:2      | Reached XP level 3. HP: 33/33 MP: 3/3
   537 | D:2      | Found a bloodstained altar of Trog.
   621 | D:2      | Found a faded altar of an unknown god.
   768 | D:2      | Reached skill level 4 in Unarmed Combat
   798 | D:2      | Reached XP level 4. HP: 41/41 MP: 5/5
  1027 | D:3      | Learned a level 3 spell: Stone Arrow
  1034 | D:3      | Noticed Sigmund
  1042 | D:3      | Killed Sigmund
  1043 | D:3      | Reached skill level 1 in Throwing
  1043 | D:3      | Reached skill level 1 in Armour
  1043 | D:3      | Reached XP level 5. HP: 48/48 MP: 4/6
  1064 | D:3      | Noticed Robin
  1096 | D:3      | Killed Robin
  1154 | D:3      | Found Puzullitotz's Assorted Antiques.
  1158 | D:3      | Noticed Grinder
  1166 | D:3      | Paralysed by Grinder for 2 turns
  1170 | D:3      | Killed Grinder
  1171 | D:3      | Reached skill level 5 in Unarmed Combat
  1171 | D:3      | Reached skill level 1 in Earth Magic
  1171 | D:3      | Reached XP level 6. HP: 57/57 MP: 7/7
  1283 | D:3      | Noticed Jessica
  1289 | D:3      | Killed Jessica
  1353 | D:3      | Bought a bronze ring for 115 gold pieces
  1359 | D:4      | Found an ancient bone altar of Kikubaaqudgha.
  1508 | D:4      | Reached XP level 7. HP: 37/63 MP: 8/8
  2133 | D:5      | Entered Level 5 of the Dungeon
  2276 | D:5      | Reached skill level 6 in Unarmed Combat
  2410 | D:5      | Found a staircase to the Ecumenical Temple.
  2419 | D:5      | Reached skill level 1 in Conjurations
  2424 | Temple   | Entered the Ecumenical Temple
  2463 | Temple   | Became a worshipper of Cheibriados the Contemplative
  2595 | D:5      | Reached XP level 8. HP: 65/72 MP: 9/9
  3028 | D:5      | Found a sparkling altar of Nemelex Xobeh.
  3229 | D:6      | Learned a level 2 spell: Wereblood
  3549 | D:6      | Slain by a wight

Illustrated notes

Levels and vault maps discovered:
D:1:      amcnicky_arrival_gap_in_the_tavern_cellar, layout_basic,
          minmay_misc_feat_enclosed
D:2:      layout_rooms, basic_ecumenical_altar, basic_altar
D:3:      layout_rooms, serial_shops, shop, uniq_robin, uniq_grinder,
          uniq_sigmund, uniq_jessica
D:4:      layout_loops_cross, mainiacjoe_overflow_concentric_impassable
D:5:      layout_loops_ring, nemelex_dance_club_becter,
          minmay_temple_entry_waves
D:6:      nicolae_cairo_tiling, layout_cave_pools, nicolae_vehumet_radiance,
          minmay_mini_ossuary
Temple:   minmay_freezing_vapour_temple

Skill      XL: |  1  2  3  4  5  6  7  8 |
---------------+-------------------------+-----
Fighting       | 1 2 |  2.2
Unarmed Combat | 4 5 6 |  6.5
Throwing       | 1 |  1.9
Armour         | 1 |  1.8
Dodging        | 2 3 |  3.0
Earth Magic    | 1 2 |  2.9
Transmutations | 2 |  2.4
Conjurations   | 1 |  1.3
Spellcasting   | 2 |  2.0
Stealth        | |  0.5
Invocations    | |  0.5

Action                     |  1- 3 |  4- 6 |  7- 9 || total
---------------------------+-------+-------+-------++-------
  Melee: Unarmed           |   107 |    81 |   131 ||   319
         Punch             |     2 |     3 |     3 ||     8
         Kick              |       |     2 |     6 ||     8
         Headbutt          |       |     2 |     7 ||     9
  Throw: Stone             |       |     2 |     4 ||     6
   Cast: Beastly Appendage |       |     2 |    12 ||    14
         Wereblood         |       |       |     2 ||     2
    Use: Potion            |       |       |     1 ||     1
   Stab: Sleeping          |     1 |       |       ||     1
         Distracted        |       |     1 |       ||     1
 Armour: Robe              |    43 |    14 |    26 ||    83
         Skin              |       |       |     3 ||     3
  Dodge: Dodged            |    62 |    36 |    46 ||   144

Table legend: (Time is in decaauts)
 A = Elapsed time spent in this place.
 B = Non-inter-level travel time spent in this place.
 C = Inter-level travel time spent in this place.
 D = Time resting spent in this place.
 E = Time spent auto-exploring this place.
 F = Levels seen in this place.
 G = Mean time per level.
                   A        B        C        D        E       F      G
               +--------+--------+--------+--------+--------+-----+--------+
         Total |   3765 |   3567 |    198 |    326 |   2432 |   7 |  537.9 |
       Dungeon |   3717 |   3524 |    193 |    326 |   2403 |   6 |  619.5 |
        Temple |     48 |     43 |      5 |      0 |     29 |   1 |   48.0 |
               +--------+--------+--------+--------+--------+-----+--------+

Top non-repeatable levels by time:
     D:5: 1088 daAuts
     D:4: 767 daAuts
     D:6: 515 daAuts
     D:1: 493 daAuts
     D:3: 482 daAuts
     D:2: 369 daAuts
  Temple: 48 daAuts
